 Dungeon Crawl Stone Soup version 0.30-a0-883-g5ad918d77d (webtiles) character file.

Game seed: 9546628001434805474

28 cheesebisquit the Ruffian (level 3, 36/36 HPs)
             Began as a Troll Fighter on Mar 16, 2023.
             Quit the game on level 1 of the Dungeon.
             The game lasted 00:01:50 (494 turns).

cheesebisquit the Ruffian (Troll Fighter)            Turns: 494, Time: 00:01:50

Health: 36/36      AC:  8    Str: 24    XL:     3   Next: 0%
Magic:  2/2        EV:  8    Int:  6    God:
Gold:   43         SH:  7    Dex:  9    Spells: 2/2 levels left

rFire   . . .      SeeInvis .      - Unarmed
rCold   . . .      Faith    .    b - +0 kite shield
rNeg    . . .      Spirit   .    a - +0 robe
rPois   .          Reflect  .    (helmet restricted)
rElec   .          Rampage  .    (no cloak)
rCorr   .                        (gloves unavailable)
Will    .....                    (boots unavailable)
Stlth   +                        (no amulet)
HPRegen 1.06/turn                o - +4 ring of protection
MPRegen 0.08/turn                (no ring)

@: no status effects
A: large, unfitting armour, claws 3, regeneration 1, shaggy fur 1, tough skin 1
a: no special abilities


You were on level 1 of the Dungeon.
You visited 1 branch of the dungeon, and saw 1 of its levels.

You collected 43 gold pieces.

Inventory:

Armour
 a - a +0 robe (worn)
 b - a +0 kite shield (worn)
Jewellery
 o - a +4 ring of protection (left claw)
Scrolls
 d - 3 scrolls of enchant weapon {unknown}
 e - a scroll of fog {unknown}
 h - a scroll of silence {unknown}
 j - a scroll of torment {unknown}
 l - 2 scrolls of amnesia {unknown}
 n - a scroll of teleportation {unknown}
Potions
 c - a potion of might
 f - a potion of brilliance {unknown}
 g - a potion of berserk rage {unknown}
 i - a potion of invisibility {unknown}
 k - a potion of curing {unknown}
 m - a potion of heal wounds {unknown}


   Skills:
 - Level 2.4 Fighting
 - Level 2.4 Dodging
 - Level 2.6 Shields
 + Level 3.5 Unarmed Combat


You had 2 spell levels left.
You didn't know any spells.
Your spell library was empty.

Dungeon Overview and Level Annotations

Branches:
Dungeon (1/15)

Altars:


Innate Abilities, Weirdness & Mutations

You are too large for most types of armour.
You have claws for hands.
Your natural rate of healing is unusually fast.
You are covered in fur. (AC +1)
You have tough skin. (AC +1)


Message History

No target in view!
No target in view!
No target in view!
A ball python comes into view.
The ball python bites you but does no damage.
You scratch the ball python.
You kill the ball python!
No target in view!
No target in view!
No target in view!
No target in view!
No target in view!
No target in view!
A ball python comes into view.
You scratch the ball python.
The ball python is moderately wounded.
You block the ball python's attack.
You scratch the ball python.
You kill the ball python!
No target in view!
No target in view!
No target in view!
No target in view!
No target in view!
You see here a ball python corpse.
Found a stone staircase leading down.
No target in view!
A ball python comes into view.
The ball python hisses angrily.
You claw the ball python!
You kill the ball python!
You have reached level 3!
Your experience leads to an increase in your attributes!
Increase (S)trength, (I)ntelligence, or (D)exterity?
You feel clever. x2; You feel stronger.
o - a +4 ring of protection
o - a +4 ring of protection (left claw)
Items here: )) รทรท.
An endoplasm comes into view.
Are you sure you want to abandon this character and quit the game? (Confirm with "yes".)

##########
..J....@.#
########.# #.#
#.# #.# # #.#
.. #######.#
... #.......#
P...
####)..#######


You could see an endoplasm (asleep).

Vanquished Creatures
  5 bats (D:1)
  An endoplasm (D:1)
  2 hobgoblins (D:1)
  4 kobolds (D:1)
  2 quokkas (D:1)
  6 ball pythons (D:1)
  3 frilled lizards (D:1)
  3 goblins (D:1)
  2 rats (D:1)
28 creatures vanquished.

Notes
Turn   | Place    | Note
-------+----------+-------------------------------------------
     0 | D:1      | cheesebisquit the Troll Fighter began the quest for the
                  | Orb.
     0 | D:1      | Reached XP level 1. HP: 22/22 MP: 0/0
   119 | D:1      | Reached XP level 2. HP: 29/29 MP: 1/1
   178 | D:1      | Reached skill level 3 in Unarmed Combat
   390 | D:1      | Reached XP level 3. HP: 36/36 MP: 2/2
   494 | D:1      | Quit the game

Illustrated notes

Levels and vault maps discovered:
D:1:      eino_arrival_druids_welcome, layout_basic, serial_aquarium,
          aquarium_bridge_straight [aquarium_subvault_bridge,
          aquarium_subvault_wall, aquarium_subvault_bridge,
          aquarium_subvault_wall], aquarium_bridge_island_small
          [aquarium_subvault_small_open, aquarium_subvault_wall,
          aquarium_subvault_wall, aquarium_subvault_bridge,
          aquarium_subvault_wall], aquarium_window_fake, aquarium_window_2,
          aquarium_window_3, aquarium_window_2, aquarium_view_2b,
          aquarium_view_2b, aquarium_pool_1, minmay_pentomino_w2

Skill      XL: |  1  2 |
---------------+-------+-----
Unarmed Combat | 3 |  3.5
Fighting       | |  2.4
Dodging        | |  2.4
Shields        | |  2.6

Action                     || total
---------------------------++-------
  Melee: Unarmed           ||    86
 Armour: Robe              ||    26
  Dodge: Dodged            ||    37
  Block: Kite shield       ||    33

Table legend: (Time is in decaauts)
 A = Elapsed time spent in this place.
 B = Non-inter-level travel time spent in this place.
 C = Inter-level travel time spent in this place.
 D = Time resting spent in this place.
 E = Time spent auto-exploring this place.
 F = Levels seen in this place.
 G = Mean time per level.
                   A        B        C        D        E       F      G
               +--------+--------+--------+--------+--------+-----+--------+
         Total |    500 |    500 |      0 |      0 |    321 |   1 |  500.0 |
       Dungeon |    500 |    500 |      0 |      0 |    321 |   1 |  500.0 |
               +--------+--------+--------+--------+--------+-----+--------+

Top non-repeatable levels by time:
     D:1: 500 daAuts
